 Dungeon Crawl Stone Soup version 0.18.1-5-g4a78601 (webtiles) character file.

221 IcyTea the Cudgeler (level 5, -2/48 HPs)
             Began as a Gargoyle Fighter on May 9, 2016.
             Was an Initiate of Qazlal.
             Slain by IcyTea's ghost (10 damage)
             ... on level 4 of the Dungeon.
             The game lasted 00:13:05 (2237 turns).

IcyTea the Cudgeler (Gargoyle Fighter)              Turns: 2237, Time: 00:13:06

Health: -2/48      AC: 22    Str: 25    XL:     5   Next: 98%
Magic:  14/14      EV:  2    Int:  9    God:    Qazlal [......]
Gold:   208        SH: 10    Dex:  9    Spells: 0 memorised, 4 levels left

rFire  . . .     SeeInvis .     a - +0 flail
rCold  . . .     Gourm    .     (armour currently unavailable)
rNeg   + + +     Faith    .     c - +1 shield
rPois  ∞         Spirit   .     (helmet currently unavailable)
rElec  .         Dismiss  +     (cloak currently unavailable)
rCorr  .         Reflect  .     (gloves currently unavailable)
SustAt .         Harm     .     (boots currently unavailable)
MR     .....     Clarity  +     n - amulet of dismissal
Stlth  +......... NoTele   +    q - ring of magical power
                                k - +3 ring of slaying

@: mighty, tree-form, not resistant to hostile enchantments, very unstealthy
A: rugged brown scales 1, clarity, negative energy resistance 1, regeneration 1,
(electricity resistance), wild magic 2, (unbreathing), evolution 1,
petrification resistance, rot immunity, AC +4
a: Renounce Religion


You were on level 4 of the Dungeon.
You worshipped Qazlal.
Qazlal was noncommittal.
You were hungry.
You were a tree.
You visited 1 branch of the dungeon, and saw 4 of its levels.

You collected 208 gold pieces.

Inventory:

Hand Weapons
 a - a +0 flail (weapon)
Armour
 c - a +1 shield (worn)
 i - a +0 cloak (melded)
 o - a +3 chain mail of magic resistance (melded)
Jewellery
 k - a +3 ring of slaying (left branch)
 n - an amulet of dismissal (around neck)
 q - a ring of magical power (right branch)
Scrolls
 e - a scroll of amnesia
 j - a scroll of remove curse
 m - 2 scrolls of identify
Potions
 l - 3 potions of flight
Comestibles
 f - 3 bread rations
 g - a beef jerky


   Skills:
 - Level 3.2 Fighting
 + Level 6.0 Maces & Flails
 - Level 3.2 Armour
 - Level 3.2 Shields


You had 4 spell levels left.
You didn't know any spells.

Dungeon Overview and Level Annotations

Branches:
Dungeon (4/15)
 Temple: D:4-7

Altars:
Qazlal
Ru
Vehumet

Annotations:
D:4 IcyTea's ghost, novice GrFi


Innate Abilities, Weirdness & Mutations

You are resistant to torment.
((Your stone body is resilient (AC +4).))
You are immune to poison.
You resist negative energy.
((You are resistant to electric shocks.))
((You can survive without breathing.))
You are immune to petrification.
You are immune to rotting.
(You are partially covered in rugged brown scales (AC +1, +3% HP).)
You possess an exceptional clarity of mind.
Your natural rate of healing is unusually fast.
Your spells are harder to cast, but more powerful.
You evolve.


Message History

Your +3 chain mail of magic resistance melds into your body.
You feel less resistant to hostile enchantments.
Your roots penetrate the ground.
IcyTea's ghost hits you.
* * * LOW HITPOINT WARNING * * *
Your shield prevents you from hitting IcyTea's ghost.
IcyTea's ghost is heavily damaged.
IcyTea's ghost hits you!
* * * LOW HITPOINT WARNING * * *
You hit IcyTea's ghost but do no damage.
IcyTea's ghost is heavily damaged.
IcyTea's ghost completely misses you.
You barely miss IcyTea's ghost.
IcyTea's ghost is heavily damaged.
You block IcyTea's ghost's attack.
IcyTea's ghost crushes a nearby insect and laughs.
IcyTea's ghost hits you but does no damage.
You sock IcyTea's ghost!
IcyTea's ghost is almost destroyed.
IcyTea's ghost hits you!
You die...

#..#######......#
#..# ### #.#.#.#.#
##.#######.....##.
#.........#.### #.
######.##.##.#
#....# #.# ####.#
## #.# #♣####
#W##.. #.##.#####
### #.##.#...#....
#........#..#
####........##
########..........
#.....W.........#
#.#####.##<..##.#


You could see IcyTea's ghost.

Vanquished Creatures
  An orc wizard (D:3)
  A worker ant (D:4)
  3 gnolls (D:2)
  6 adders
  3 oozes
  2 dart slugs (D:1)
  4 giant geckos
  A ball python (D:3)
  5 bats
  2 giant cockroaches
  6 goblins
  9 hobgoblins
  3 jackals (D:2)
  7 giant newts
  7 kobolds
  14 rats
74 creatures vanquished.

Notes
Turn   | Place    | Note
--------------------------------------------------------------
     0 | D:1      | IcyTea the Gargoyle Fighter began the quest for the Orb.
     0 | D:1      | Reached XP level 1. HP: 14/14 MP: 1/1
    36 | D:1      | Reached XP level 2. HP: 18/19 MP: 2/2
   139 | D:1      | Reached skill level 3 in Maces & Flails
   309 | D:1      | Reached XP level 3. HP: 20/23 MP: 3/3
   951 | D:2      | Found a sacrificial altar of Ru.
  1131 | D:2      | Reached skill level 4 in Maces & Flails
  1343 | D:2      | Reached XP level 4. HP: 28/28 MP: 4/4
  1605 | D:3      | Reached skill level 5 in Maces & Flails
  1635 | D:3      | Reached XP level 5. HP: 32/32 MP: 5/5
  1637 | D:3      | Found a radiant altar of Vehumet.
  1659 | D:3      | Gained mutation: You are partially covered in rugged brown scales (AC +1, +3% HP). [potion of mutation]
  1659 | D:3      | Gained mutation: Your spells are a little harder to cast, but a little more powerful. [potion of mutation]
  1659 | D:3      | Gained mutation: Your spells are harder to cast, but more powerful. [potion of mutation]
  1662 | D:3      | Gained mutation: You evolve. [potion of mutation]
  1662 | D:3      | Gained mutation: You possess an exceptional clarity of mind. [potion of mutation]
  1856 | D:3      | Gained mutation: Your natural rate of healing is unusually fast. [evolution]
  2119 | D:4      | Noticed IcyTea's ghost (novice GrFi)
  2169 | D:4      | Reached skill level 6 in Maces & Flails
  2176 | D:4      | Found a stormy altar of Qazlal.
  2181 | D:4      | Became a worshipper of Qazlal Stormbringer
  2237 | D:4      | Slain by IcyTea's ghost

Skill      XL: |  1  2  3  4  5 |
---------------+----------------+-----
Maces & Flails | 3 4 5 6 |  6.0
Fighting       | |  3.2
Armour         | |  3.2
Shields        | |  3.2

Action                   |  1- 3 |  4- 6 || total
-------------------------+-------+-------++-------
Melee: Flail             |   106 |   154 ||   260
       Whip              |     4 |       ||     4
  Use: Scroll            |     3 |     6 ||     9
       Potion            |     3 |     7 ||    10
  Eat: Chunk             |     1 |     3 ||     4
Armor: Scale mail        |    40 |    43 ||    83
       Skin              |     2 |     1 ||     3
       Chain mail        |       |    38 ||    38
Dodge: Dodged            |    33 |    38 ||    71
Block: Shield            |    48 |    88 ||   136
